Map: Echo LE (Void)

Players

NathLescroc

  • Race: Terran Terran
  • League: Diamond
  • Spawn Location: 11:00

Musumeci - Winner!

  • Race: Zerg Zerg
  • League: Diamond
  • Spawn Location: 5:00

VOD

Have the link to the VOD?

Description

Time

  • Played on: Dec. 28, 2016, 3:17 p.m.
  • Length: 24:17
Show
View Real Time Build Order
Export as new Build Order

NathLescroc Terran 

Build Orders: MMM Bio 

Get SALT Encoding   

  12  0:00  SCV  
  13  0:12  SCV  
  14  0:17  Supply Depot  
  14  0:24  SCV  
  15  0:38  SCV  
  15  0:39  Barracks  
  16  0:47  Refinery  
  16  0:50  SCV  
  17  1:02  SCV  
  18  1:15  SCV  
  19  1:25  Refinery  
  19  1:26  Barracks  
  19  1:29  Orbital Command  
  19  1:32  Reaper  
  20  1:47  Barracks  
  20  1:52  Supply Depot  
  20  1:54  SCV  
  21  2:04  Reaper  
  21  2:06  SCV  
  23  2:14  Reaper  
  24  2:18  SCV, Supply Depot  
  25  2:31  SCV  
  25  2:34  Reaper  
  25  2:36  Barracks  
  28  2:37  Reaper  
  28  2:43  SCV  
  29  2:46  Reaper  
  30  3:00  Engineering Bay  
  30  3:06  Reaper  
  30  3:09  Reaper  
  31  3:18  Reaper  
  32  3:24  Reaper  
  33  3:38  Reaper  
  35  3:41  Reaper  
  35  3:46  Refinery  
  34  3:50  Reaper  
  34  3:56  Reaper  
  32  4:10  Command Center, Reaper  
  32  4:15  Reaper  
  32  4:22  Barracks  
  32  4:23  Barracks, Supply Depot  
  32  4:29  Reaper  
  33  4:33  Terran Infantry Weapons Level 1  
  33  4:37  Bunker, Reaper  
  34  4:39  Bunker  
  34  4:44  SCV  
  35  4:46  Reaper  
  36  4:56  SCV  
  37  5:03  Barracks Tech Lab  
  37  5:06  Barracks Reactor  
  37  5:08  SCV  
  38  5:15  Barracks Reactor  
  38  5:20  Barracks Reactor  
  38  5:23  Orbital Command  
  38  5:24  SCV, Engineering Bay  
  38  5:27  Barracks Reactor  
  39  5:35  Refinery  
  39  5:36  Barracks Reactor, SCV  
  40  5:46  Marine x2  
  40  5:48  SCV  
  43  5:50  Marine, Stimpack  
  43  5:51  Supply Depot  
  43  5:52  SCV  
  43  5:56  Marine x2  
  47  6:00  SCV  
  47  6:04  SCV  
  49  6:05  Terran Infantry Armor Level 1  
  49  6:07  Marine x2  
  51  6:12  SCV, Marine  
  51  6:15  Marine x2  
  51  6:16  SCV  
  56  6:24  Marine x3  
  56  6:25  Marine  
  60  6:29  Marine  
  60  6:30  SCV x2  
  63  6:36  Marine  
  63  6:39  Factory  
  64  6:42  SCV x2  
  64  6:44  Supply Depot  
  66  6:52  Marine  
  66  6:53  Marine x3  
  70  7:05  Marine x3  
  70  7:06  SCV x2  
  70  7:07  Supply Depot  
  75  7:11  Marauder, Marine  
  78  7:21  Supply Depot  
  78  7:23  Supply Depot  
  78  7:28  Marine x2  
  78  7:29  SCV, Marine x3  
  75  7:46  Marine  
  75  7:49  Factory Tech Lab  
  76  7:53  Starport, Marine  
  76  7:54  Marine  
  78  7:58  Marine, Supply Depot  
  78  8:01  Marine  
  80  8:07  Siege Tank  
  83  8:13  Supply Depot  
  83  8:15  Marine x7  
  90  8:20  Armory, Marine x2  
  92  8:27  Marine  
  92  8:28  Supply Depot  
  92  8:31  Supply Depot  
  92  8:33  Marine  
  94  8:38  SCV  
  94  8:39  Siege Tank  
  94  8:40  Marine  
  94  8:41  Marine  
  100  8:47  Marine  
  101  8:50  SCV  
  101  8:55  Command Center  
  102  8:56  Marine  
  103  9:06  Marine  
  103  9:09  Marine  
  87  9:10  Medivac  
  87  9:11  Siege Tank  
  87  9:15  Marine  
  87  9:16  Marine x3  
  95  9:27  Marine  
  96  9:32  Missile Turret  
  96  9:35  Missile Turret  
  96  9:38  Marine  
  97  9:40  Starport Reactor  
  97  9:45  Siege Tank  
  100  9:48  Combat Shields  
  100  9:49  Refinery x2  
  100  9:58  SCV x2  
  102  10:02  Supply Depot  
  102  10:03  Marine x3  
  105  10:09  Orbital Command  
  105  10:14  Missile Turret, Marine x2  
  105  10:17  SCV  
  105  10:18  SCV  
  105  10:30  Marine  
  105  10:31  Marine  
  105  10:32  Medivac, Siege Tank  
  105  10:35  Medivac  
  108  10:39  SCV  
  108  10:41  Marine, Supply Depot  
  108  10:42  Marine  
  111  10:45  Marine  
  111  10:46  Marine  
  111  10:47  Marine x2  
  115  11:02  Medivac  
  117  11:04  Medivac  
  106  11:12  Marine  
  83  11:25  Marine  
  69  11:27  Siege Tank  
  69  11:30  Marine x3  
  69  11:31  Barracks  
  69  11:32  SCV, Medivac  
  77  11:34  Marine x2, Medivac  
  77  11:36  SCV  
  82  11:43  Marine x3  
  82  11:44  Marine x2  
  82  11:45  Marine  
  88  11:50  Orbital Command, Marine  
  85  11:59  Siege Tank  
  85  12:00  Marine  
  82  12:02  Medivac  
  82  12:04  Medivac  
  82  12:08  Marine x7  
  82  12:09  Marine x2  
  82  12:11  Marine  
  91  12:21  Barracks Reactor  
  91  12:24  SCV  
  92  12:32  Medivac  
  92  12:33  SCV x2  
  92  12:35  Marine  
  92  12:36  SCV  
  98  12:41  Marine  
  99  12:45  SCV x2, Marine x2  
  99  12:46  Marine  
  99  12:48  SCV  
  99  12:49  Marine  
  106  12:57  SCV x2, Siege Tank  
  106  12:58  Medivac  
  113  13:00  SCV  
  113  13:01  Marine  
  113  13:02  Marine x2  
  117  13:06  Marine  
  117  13:08  Marine x4  
  117  13:09  SCV x2  
  117  13:12  SCV  
  125  13:16  Marine  
  125  13:17  Marine x4  
  130  13:20  Marine  
  130  13:21  SCV x2  
  133  13:32  Marine  
  133  13:33  SCV x2  
  133  13:34  SCV  
  135  13:42  Medivac x2, Siege Tank  
  135  13:47  Marine  
  143  13:50  Marine  
  143  13:53  SCV  
  143  13:54  SCV  
  146  13:58  Refinery, Marine  
  139  14:03  Marine  
  140  14:14  Liberator x2  
  140  14:17  Command Center  
  140  14:18  Marine  
  140  14:21  Marine  
  139  14:24  Refinery  
  139  14:25  SCV x3  
  142  14:34  Siege Tank  
  142  14:37  SCV x3  
  154  14:39  Factory  
  154  14:44  Marine  
  154  14:45  Marine x8  
  163  14:47  Marine  
  163  14:48  Missile Turret  
  164  14:53  SCV  
  164  14:59  Terran Infantry Armor Level 2  
  165  15:01  Terran Infantry Weapons Level 2  
  165  15:04  Supply Depot  
  165  15:14  Missile Turret  
  165  15:22  Marine x4  
  165  15:23  SCV  
  165  15:25  SCV, Marine x3, Siege Tank  
  170  15:29  Marine  
  170  15:32  Factory Tech Lab  
  169  15:39  Marine  
  169  15:40  Orbital Command  
  169  15:41  SCV  
  169  15:42  SCV  
  151  15:43  SCV  
  151  15:46  Supply Depot  
  152  15:51  Supply Depot  
  152  15:53  SCV, Siege Tank  
  152  15:54  SCV  
  152  15:55  SCV, Medivac  
  160  15:57  Marine x2, Siege Tank  
  165  16:05  SCV  
  166  16:11  Marine  
  156  16:25  Siege Tank  
  156  16:27  SCV  
  156  16:29  SCV  
  161  16:34  SCV, Marine  
  161  16:35  Marine x6, Siege Tank  
  161  16:36  Medivac x2  
  161  16:38  Supply Depot  
  161  16:39  SCV, Supply Depot  
  177  16:40  Marine  
  178  16:47  Marine  
  178  16:48  Marine x4  
  178  16:52  Marine  
  178  16:53  Marine x4  
  188  16:56  SCV x2, Marine  
  188  16:57  Marine, Supply Depot, Siege Tank  
  188  17:00  Marine  
  196  17:02  Supply Depot  
  196  17:05  Marine x3  
  199  17:10  Marine  
  199  17:18  Marine  
  173  17:23  Marine  
  163  17:36  Marine x3  
  158  17:43  Marine  
  150  17:48  Marine  
  114  17:52  Marine  
  110  17:59  Marine  
  110  18:00  Marine x6  
  110  18:01  Medivac x2  
  110  18:02  Siege Tank x2  
  127  18:05  Terran Infantry Weapons Level 3  
  127  18:06  Terran Infantry Armor Level 3  
  127  18:10  Marine x3, Command Center  
  130  18:14  Marine x2  
  132  18:22  Marine  
  133  18:27  Marine  
  133  18:31  Medivac x2  
  138  18:34  Siege Tank x2  
  138  18:35  Supply Depot  
  138  18:37  Supply Depot  
  144  18:44  Marine  
  145  18:48  Marine  
  145  18:51  Missile Turret  
  133  19:01  Medivac x2  
  132  19:04  Marine  
  132  19:06  Siege Tank x2  
  132  19:08  Marine  
  132  19:09  Marine x11  
  150  19:21  Marine  
  137  19:26  Marine  
  137  19:27  Marine x8  
  140  19:34  Marine  
  140  19:35  Marine x2  
  143  19:38  Siege Tank  
  143  19:39  Marine, Siege Tank  
  143  19:44  Marine x2  
  143  19:45  Marine x2  
  154  19:47  Medivac  
  156  19:58  Marine  
  147  20:05  Marine  
  130  20:08  Marine  
  130  20:10  Siege Tank  
  130  20:11  Marine, Medivac  
  128  20:17  Orbital Command, Medivac  
  128  20:20  Refinery  
  130  20:34  Siege Tank  
  133  20:37  SCV  
  133  20:38  SCV  
  133  20:40  Marine  
  133  20:41  Marine x4, Medivac  
  142  20:43  SCV, Siege Tank  
  142  20:47  Medivac  
  142  20:48  Refinery, Supply Depot  
  148  20:50  Marine x2  
  148  20:52  Supply Depot  
  148  20:55  Marine  
  151  21:03  Marine  
  152  21:06  Siege Tank  
  155  21:13  Marine  
  155  21:15  Siege Tank  
  155  21:16  Medivac  
  155  21:17  Medivac  
  149  21:20  Marine  
  149  21:26  Marine  
  149  21:30  Marine  
  143  21:33  Marine  
  143  21:41  Marine  
  136  21:53  Marine  
  97  22:03  Marine  
  97  22:09  Marine  
  97  22:15  Marine x5  
  103  22:25  Marine  
  103  22:28  Marine  
  105  22:30  Marine  
  106  22:38  Marine  
  83  22:51  Orbital Command  
  79  23:02  Marine  
  68  23:29  Marine  
Show
View Real Time Build Order
Export as new Build Order

Musumeci Zerg - Winner!

Build Orders: Hatch First 

Get SALT Encoding   

  12  0:01  Drone  
  13  0:08  Drone  
  14  0:14  Extractor  
  14  0:15  Drone  
  15  0:40  Hatchery  
  14  0:48  Extractor  
  14  0:49  Drone  
  15  1:03  Spawning Pool  
  14  1:09  Drone, Extractor  
  14  1:14  Drone, Extractor  
  14  1:19  Extractor  
  14  1:20  Drone  
  14  1:25  Overlord  
  17  1:43  Drone x2  
  19  1:49  Queen  
  19  1:52  Queen  
  23  1:56  Drone  
  23  1:59  Drone  
  25  2:04  Overlord  
  25  2:10  Drone  
  25  2:15  Drone x2  
  28  2:26  Extractor  
  28  2:27  Roach Warren  
  25  2:31  Queen  
  25  2:36  Drone  
  28  2:44  Drone, Extractor  
  28  2:45  Drone x2  
  30  3:09  Queen  
  32  3:22  Roach x2  
  36  3:30  Evolution Chamber  
  35  3:39  Roach  
  26  4:11  Drone x7  
  32  4:22  Evolution Chamber  
  31  4:27  Drone  
  31  4:28  Drone x2  
  34  4:34  Roach, Evolution Chamber  
  34  4:35  Evolution Chamber  
  34  4:45  Drone x2  
  36  5:01  Zerg Missile Weapons Level 1  
  36  5:03  Lair  
  36  5:12  Overlord x2  
  36  5:30  Drone x3  
  36  5:31  Drone x6  
  36  5:32  Drone  
  46  5:41  Drone x2  
  48  5:55  Hatchery  
  47  5:58  Ravager  
  47  5:59  Ravager  
  49  6:07  Extractor  
  48  6:15  Drone x3  
  48  6:16  Drone  
  52  6:28  Overlord x2  
  52  6:48  Ravager x2  
  52  6:49  Roach x6  
  52  6:51  Overlord  
  52  6:52  Overlord x3  
  66  7:00  Drone x2  
  68  7:02  Extractor  
  68  7:03  Drone  
  68  7:24  Drone  
  68  7:25  Drone x4  
  68  7:27  Zerg Missile Weapons Level 2  
  68  7:28  Zerg Ground Armor Level 1  
  73  7:30  Drone  
  73  7:31  Hatchery, Drone  
  67  7:46  Roach x3  
  67  7:50  Ravager x2  
  74  7:53  Ravager  
  77  8:05  Roach  
  77  8:06  Roach x4  
  85  8:23  Roach x4  
  93  8:28  Overlord  
  93  8:29  Overlord x2  
  93  8:33  Hatchery  
  92  8:41  Overlord x2  
  92  8:47  Ravager x2  
  92  8:48  Ravager x2  
  96  8:50  Roach  
  65  9:11  Roach  
  65  9:12  Roach x5  
  59  9:19  Ravager  
  59  9:20  Roach x4  
  68  9:27  Roach x3  
  74  9:34  Roach x2  
  78  9:40  Roach x2  
  82  9:49  Roach x3  
  88  9:56  Glial Reconstitution  
  88  9:59  Hatchery  
  87  10:04  Roach  
  87  10:05  Roach x4  
  97  10:10  Hatchery  
  96  10:19  Spore Crawler  
  95  10:21  Spore Crawler  
  95  10:22  Spore Crawler  
  93  10:36  Drone x8  
  101  10:45  Ravager x6  
  101  10:49  Drone  
  108  10:50  Drone x5  
  113  10:57  Drone  
  113  11:03  Ravager x3  
  78  11:22  Roach x9  
  90  11:29  Roach x3  
  96  11:33  Extractor  
  96  11:34  Queen  
  96  11:36  Extractor  
  98  11:54  Roach x8  
  112  12:21  Queen  
  112  12:22  Roach x6  
  132  12:23  Roach x4  
  134  12:39  Ravager x5  
  139  12:54  Roach x2, Overlord  
  139  12:55  Overlord x3  
  139  12:57  Extractor  
  139  12:58  Extractor  
  138  13:15  Drone x7  
  145  13:20  Spore Crawler  
  145  13:21  Spore Crawler  
  145  13:24  Spore Crawler  
  145  13:25  Spore Crawler  
  141  13:37  Roach x7  
  155  13:58  Ravager x7  
  155  13:59  Ravager x6  
  168  14:11  Queen  
  148  14:26  Hatchery, Drone  
  148  14:46  Ravager x9  
  157  15:08  Roach  
  157  15:09  Roach x5  
  159  15:40  Lair  
  156  16:01  Hatchery, Extractor  
  156  16:02  Extractor  
  156  16:03  Overlord x7  
  149  16:28  Drone x3  
  149  16:29  Drone x2  
  154  16:39  Infestation Pit, Zerg Ground Armor Level 2  
  153  16:40  Drone x2  
  153  16:41  Drone x3  
  153  16:42  Drone  
  159  17:01  Hatchery  
  159  17:02  Roach  
  159  17:03  Roach x5  
  159  17:06  Ravager x9  
  179  17:15  Spore Crawler  
  179  17:16  Spore Crawler  
  147  17:26  Roach x2  
  147  17:27  Roach x12  
  142  17:41  Roach x4  
  106  17:56  Roach x2  
  106  17:57  Roach x2  
  110  18:00  Ravager x2  
  110  18:01  Ravager x3  
  113  18:09  Ravager  
  113  18:10  Ravager x7  
  110  18:15  Drone x2  
  110  18:18  Drone  
  114  18:20  Drone  
  114  18:23  Ravager x3  
  108  19:00  Roach x2  
  108  19:01  Roach x8  
  128  19:23  Lair  
  128  19:34  Roach x3  
  128  19:35  Roach  
  128  19:36  Ravager x2  
  128  19:37  Ravager x2  
  140  19:39  Hatchery  
  140  19:40  Drone  
  128  20:03  Roach x7  
  107  20:10  Roach  
  107  20:11  Roach  
  89  20:14  Ravager  
  89  20:16  Ravager  
  89  20:20  Queen  
  93  20:23  Roach x2  
  93  20:26  Roach  
  99  20:31  Ravager x3  
  99  20:33  Ravager x3  
  99  20:34  Ravager  
  99  20:35  Ravager  
  102  21:21  Ravager x2  
  102  21:22  Roach x5, Ravager x2  
  102  21:23  Roach x5  
  96  22:28  Roach x4  
  96  22:29  Roach x2  
  94  22:45  Spine Crawler  
  94  22:46  Spine Crawler  
  94  22:47  Spine Crawler x2  
  94  22:48  Roach x5  
  95  22:52  Roach  
  83  23:32  Ravager x6  
  78  23:34  Roach x9  
  82  23:45  Roach x4  
  84  23:55  Ravager x2  
  79  23:56  Ravager x5  
  79  23:57  Roach  
Tags
 
Composition
MMM Bio
Matchup
TvZ
Replay Pack
replay pack
Spawn Locations
Cross Positions
Add a new tag
Caveats
  • Supply blocks, unpowered buildings, or Contaminate may cause inaccurate times.
  • Supply counts are checked every 10 seconds.